 Dungeon Crawl Stone Soup version 0.28-a0-178-ga708605c5b (webtiles) character file.

Game seed: 16098461874423449882

809 Spaninq the Magician (level 7, 0/51 HPs)
             Began as a Gnoll Hedge Wizard on Aug 17, 2021.
             Slain by a scorpion (4 damage)
             ... on level 6 of the Dungeon.
             The game lasted 00:23:18 (7768 turns).

Spaninq the Magician (Gnoll Hedge Wizard)           Turns: 7768, Time: 00:23:19

Health: 0/51       AC:  4    Str: 10    XL:     7   Next: 92%
Magic:  8/18       EV: 13    Int: 15    God:
Gold:   183        SH:  0    Dex: 11    Spells: 10/21 levels left

rFire   . . .      SeeInvis .   c - +0 dagger (elec)
rCold   . . .      Faith    .   (no shield)
rNeg    + . .      Spirit   .   b - +0 robe
rPois   .          Reflect  .   m - +0 helmet
rElec   .          Harm     .   (no cloak)
rCorr   .          Rampage  .   t - +0 pair of gloves
Will    .....                   (no boots)
Stlth   +++.......              (no amulet)
HPRegen 0.17/turn               d - ring of positive energy
MPRegen 0.16/turn               (no ring)

@: no status effects
A: fangs 1, strong nose, distributed training
a: no special abilities


You were on level 6 of the Dungeon.
You visited 1 branch of the dungeon, and saw 6 of its levels.

You collected 183 gold pieces.

Inventory:

Hand Weapons
 c - a +0 dagger of electrocution (weapon)
 p - a +0 quarterstaff
Armour
 b - a +0 robe (worn)
 m - a +0 helmet (worn)
 t - a +0 pair of gloves (worn)
Jewellery
 d - a ring of positive energy (left hand)
Wands
 q - a wand of polymorph (9)
Scrolls
 e - 2 scrolls of immolation {unknown}
 f - 3 scrolls of identify {unknown}
 g - a scroll of blinking {unknown}
 k - 3 scrolls of teleportation {unknown}
 l - a scroll of noise {unknown}
 n - 2 scrolls of enchant armour {unknown}
 o - a scroll of fog {unknown}
 r - a scroll of fear {unknown}
 s - a scroll of brand weapon {unknown}
 v - a scroll of magic mapping {unknown}
Potions
 a - 2 potions of lignification {unknown}
 h - a potion of curing {unknown}
 i - a potion of magic {unknown}
 j - a potion of mutation {unknown}
 u - a potion of brilliance {unknown}


   Skills:
 + Level 2.8 Fighting
 + Level 2.8 Short Blades
 + Level 2.8 Long Blades
 + Level 2.8 Axes
 + Level 2.8 Maces & Flails
 + Level 2.8 Polearms
 + Level 2.8 Staves
 + Level 2.8 Slings
 + Level 2.8 Bows
 + Level 2.8 Crossbows
 + Level 2.8 Throwing
 + Level 2.8 Armour
 + Level 5.4 Dodging
 + Level 5.1 Stealth
 + Level 2.8 Shields
 + Level 2.8 Unarmed Combat
 + Level 7.7 Spellcasting
 + Level 3.1 Conjurations
 + Level 2.2 Hexes
 + Level 3.1 Summonings
 + Level 2.2 Necromancy
 + Level 3.1 Translocations
 + Level 2.2 Transmutations
 + Level 2.2 Fire Magic
 + Level 2.2 Ice Magic
 + Level 2.2 Air Magic
 + Level 2.2 Earth Magic
 + Level 2.2 Poison Magic
 + Level 3.1 Invocations
 + Level 2.8 Evocations


You had 10 spell levels left.
You knew the following spells:

 Your Spells              Type           Power      Damage    Failure   Level
a - Magic Dart            Conj           60%        1d6       3%          1
b - Blink                 Tloc           N/A        N/A       4%          2
c - Mephitic Cloud        Conj/Pois/Air  13%        N/A       13%         3
d - Wereblood             Tmut           12%        N/A       8%          2
e - Apportation           Tloc           30%        N/A       3%          1
f - Slow                  Hex            12%        N/A       8%          2

Your spell library contained the following spells:

 Spells                   Type           Power      Damage    Failure   Level
 Summon Small Mammal      Summ           60%        N/A       3%          1
 Animate Skeleton         Necr           24%        N/A       4%          1
 Beastly Appendage        Tmut           24%        N/A       4%          1
 Corona                   Hex            13%        N/A       4%          1
 Pain                     Necr           48%        1d6       4%          1
 Call Imp                 Summ           15%        N/A       4%          2
 Sublimation of Blood     Necr           6%         N/A       8%          2
 Conjure Flame            Conj/Fire      13%        6-21      12%         3
 Spider Form              Tmut/Pois      6%         N/A       14%         3
 Vampiric Draining        Necr           6%         2d6       14%         3
 Petrify                  Tmut/Erth      12%        N/A       43%         4
 Irradiate                Conj/Tmut      6%         3d16      75%         5


Dungeon Overview and Level Annotations

Branches:
Dungeon (6/15)
 Temple: D:4-7

Altars:
Dithmenos
Elyvilon
Xom

Shops:
D:6 (

Annotations:
D:6 Prince Ribbit


Innate Abilities, Weirdness & Mutations

You have very sharp teeth.
Your uncanny sense of smell can sniff out nearby items.
Your experience applies equally to all skills.


Message History

Your magical contamination has completely faded away.
A scorpion comes into view.
The scorpion moves out of view.
Casting: Slow (safe; 8% risk of failure)
Confirm with . or Enter, or press ? or * to list all spells.
Okay, then.
Casting: Slow (safe; 8% risk of failure)
Confirm with . or Enter, or press ? or * to list all spells.
Aiming: Mephitic Cloud (dangerous; 13% risk of failure)
Press: ? - help, Shift-Dir - straight line, f - Prince Ribbit
Aim: Prince Ribbit (chance to affect: 72%)
The ball explodes into a vile cloud!
The stinking cloud engulfs Prince Ribbit but does no damage.
Prince Ribbit is engulfed in noxious fumes.
Prince Ribbit appears confused.
The scorpion misses you. The scorpion closely misses you.
A jelly comes into view.
The jelly quivers.
The scorpion stings you.
* * * LOW HITPOINT WARNING * * *
Casting: Mephitic Cloud (dangerous; 13% risk of failure)
Confirm with . or Enter, or press ? or * to list all spells.
Aiming: Slow (safe; 8% risk of failure)
Press: ? - help, Shift-Dir - straight line, f/p - Prince Ribbit
Aim: Prince Ribbit (confused, chance to affect: 31%)
The scorpion resists with some effort.
The scorpion stings you.
* * * LOW HITPOINT WARNING * * *
The wyvern zombie bites you!
* * * LOW HITPOINT WARNING * * *
A sky beast comes into view.
The scorpion barely misses you. The wyvern zombie misses you.
There is a stone staircase leading down here.
The jelly completely misses you.
The sky beast flickers out of sight!
Deactivating autopickup; reactivate with Ctrl-A.
The scorpion closely misses you.
There is a stone staircase leading up here.
Something hits you but does no damage. The scorpion stings you.
You die...

.....................
#...............).....##
............[..........#
#......................#
#......................#
#......................#
#......................#
#......................#
.......@sJ..Y.....>....#
#.......Z...............
#.......................
........................
#.......................
#.......................
#.......................
#.......................
........


You could see an ice beast, a scorpion, a jelly and a wyvern zombie.

Vanquished Creatures
  A centaur (D:6)
  Blork the orc (D:4)
  A scorpion (D:4)
  2 water moccasin skeletons (D:5)
  A howler monkey (D:3)
  A bullfrog zombie (D:5)
  4 orc priests
  A hound (D:5)
  A bullfrog skeleton (D:5)
  A hound skeleton (D:4)
  Robin (D:2)
  6 gnolls
  6 adders
  A white imp (D:5)
  An adder skeleton (D:4)
  A worm (D:3)
  3 dart slugs
  15 orcs
  7 bats
  5 endoplasms
  6 giant cockroaches
  13 goblins
  10 hobgoblins
  4 jackals (D:2)
  7 kobolds
  3 quokkas
  6 ball pythons
  7 frilled lizards
  6 rats
122 creatures vanquished.

Notes
Turn   | Place    | Note
-------+----------+-------------------------------------------
     0 | D:1      | Spaninq the Gnoll Hedge Wizard began the quest for the Orb.
     0 | D:1      | Reached XP level 1. HP: 13/13 MP: 8/8
   176 | D:1      | Reached XP level 2. HP: 19/19 MP: 2/10
   520 | D:1      | Learned a level 2 spell: Blink
   523 | D:1      | Learned a level 2 spell: Slow
  1152 | D:2      | Reached XP level 3. HP: 25/25 MP: 9/11
  1363 | D:2      | Noticed Robin
  1418 | D:2      | Found a faded altar of an unknown god.
  1542 | D:2      | Reached skill level 1 in Invocations
  1932 | D:2      | Reached skill level 1 in Fighting
  1932 | D:2      | Reached skill level 1 in Short Blades
  1932 | D:2      | Reached skill level 1 in Long Blades
  1932 | D:2      | Reached skill level 1 in Axes
  1932 | D:2      | Reached skill level 1 in Maces & Flails
  1932 | D:2      | Reached skill level 1 in Polearms
  1932 | D:2      | Reached skill level 1 in Staves
  1932 | D:2      | Reached skill level 1 in Slings
  1932 | D:2      | Reached skill level 1 in Bows
  1932 | D:2      | Reached skill level 1 in Crossbows
  1932 | D:2      | Reached skill level 1 in Throwing
  1932 | D:2      | Reached skill level 1 in Armour
  1932 | D:2      | Reached skill level 1 in Shields
  1932 | D:2      | Reached skill level 1 in Unarmed Combat
  1932 | D:2      | Reached skill level 1 in Evocations
  2340 | D:2      | Killed Robin
  2341 | D:2      | Reached XP level 4. HP: 31/32 MP: 0/13
  3080 | D:2      | Reached skill level 1 in Hexes
  3080 | D:2      | Reached skill level 1 in Necromancy
  3080 | D:2      | Reached skill level 1 in Transmutations
  3080 | D:2      | Reached skill level 1 in Fire Magic
  3080 | D:2      | Reached skill level 1 in Ice Magic
  3080 | D:2      | Reached skill level 1 in Air Magic
  3080 | D:2      | Reached skill level 1 in Earth Magic
  3080 | D:2      | Reached skill level 1 in Poison Magic
  3281 | D:3      | Learned a level 2 spell: Wereblood
  3379 | D:3      | Reached XP level 5. HP: 26/37 MP: 10/14
  4673 | D:4      | Noticed Blork the orc
  4825 | D:4      | Reached XP level 6. HP: 44/44 MP: 9/16
  5000 | D:3      | Learned a level 1 spell: Apportation
  5004 | D:3      | Learned a level 3 spell: Mephitic Cloud
  5219 | D:4      | Killed Blork the orc
  5220 | D:4      | Reached skill level 5 in Dodging
  5860 | D:4      | Found a white marble altar of Elyvilon.
  6166 | D:4      | Reached XP level 7. HP: 50/50 MP: 14/18
  6262 | D:4      | Found a shadowy altar of Dithmenos.
  6266 | D:4      | Found a shimmering altar of Xom.
  6580 | D:5      | Entered Level 5 of the Dungeon
  7272 | D:5      | Reached skill level 5 in Stealth
  7684 | D:6      | Found Myonaec's Weapon Emporium.
  7697 | D:6      | Noticed Prince Ribbit
  7755 | D:6      | HP: 2/51 [wyvern zombie (10)]
  7768 | D:6      | Slain by a scorpion

Illustrated notes

Levels and vault maps discovered:
D:1:      dpeg_arrival_morbid_curiosity, layout_loops_ring,
          kennysheep_crisscross
D:2:      layout_basic, shapermc_ecumenical_altar_venn, minmay_misc_feat_roman,
          dk_vineyard_3, grunt_ministairs_3, minmay_liquid_box,
          minmay_lizard_pond, uniq_robin
D:3:      layout_basic
D:4:      layout_rooms, elyvilon_altar_3, mainiacjoe_overflow_big_doors,
          uniq_blork_the_orc
D:5:      layout_layer_cave, serial_co_window_serial, co_window_paths_a,
          co_window_paths_b, co_window_corner_a, co_window_paths_a,
          co_window_paths_a, co_window_corner_ca, co_window_cross_4,
          co_window_of_opportunity_b, glass_columns_a, glass_columns_a,
          glass_columns_a, glass_columns_a, minivault_4, grunt_decor_one_mirror
D:6:      minmay_evil_eye, layout_basic, serial_shops, nicolae_shop_stone,
          uniq_prince_ribbit1

Skill      XL: |  1  2  3  4  5  6  7 |
---------------+----------------------+-----
Conjurations   | 2 3 |  3.1
Summonings     | 2 3 |  3.1
Translocations | 2 3 |  3.1
Invocations    | 1 2 3 |  3.1
Fighting       | 1 2 |  2.8
Short Blades   | 1 2 |  2.8
Long Blades    | 1 2 |  2.8
Axes           | 1 2 |  2.8
Maces & Flails | 1 2 |  2.8
Polearms       | 1 2 |  2.8
Staves         | 1 2 |  2.8
Slings         | 1 2 |  2.8
Bows           | 1 2 |  2.8
Crossbows      | 1 2 |  2.8
Throwing       | 1 2 |  2.8
Armour         | 1 2 |  2.8
Shields        | 1 2 |  2.8
Unarmed Combat | 1 2 |  2.8
Evocations     | 1 2 |  2.8
Hexes          | 1 2 |  2.2
Necromancy     | 1 2 |  2.2
Transmutations | 1 2 |  2.2
Fire Magic     | 1 2 |  2.2
Ice Magic      | 1 2 |  2.2
Air Magic      | 1 2 |  2.2
Earth Magic    | 1 2 |  2.2
Poison Magic   | 1 2 |  2.2
Dodging        | 5 |  5.4
Stealth        | 5 |  5.1
Spellcasting   | |  7.7

Action                   |  1- 3 |  4- 6 |  7- 9 || total
-------------------------+-------+-------+-------++-------
Melee: Dagger            |     8 |    39 |    47 ||    94
       Bite              |     1 |     2 |     7 ||    10
       Quarterstaff      |       |    17 |       ||    17
 Cast: Magic Dart        |   107 |   181 |    24 ||   312
       Slow              |     5 |       |     5 ||    10
       Blink             |     3 |     3 |       ||     6
       Mephitic Cloud    |       |     9 |     6 ||    15
       Wereblood         |       |       |     1 ||     1
 Stab: Sleeping          |     1 |     1 |     2 ||     4
       Confused          |       |     1 |     1 ||     2
Armor: Robe              |     5 |    16 |     7 ||    28
Dodge: Dodged            |    34 |    63 |    30 ||   127

Table legend: (Time is in decaauts)
 A = Elapsed time spent in this place.
 B = Non-inter-level travel time spent in this place.
 C = Inter-level travel time spent in this place.
 D = Time resting spent in this place.
 E = Time spent auto-exploring this place.
 F = Levels seen in this place.
 G = Mean time per level.
                   A        B        C        D        E       F      G
               +--------+--------+--------+--------+--------+-----+--------+
         Total |   7779 |   7371 |    408 |   2313 |   3780 |   6 | 1296.5 |
       Dungeon |   7779 |   7371 |    408 |   2313 |   3780 |   6 | 1296.5 |
               +--------+--------+--------+--------+--------+-----+--------+

Top non-repeatable levels by time:
     D:3: 2357 daAuts
     D:1: 1758 daAuts
     D:2: 1364 daAuts
     D:4: 1144 daAuts
     D:5: 1004 daAuts
     D:6: 149 daAuts
